 Dungeon Crawl Stone Soup version 0.22.0-6-g71bd7aa (webtiles) character file.

1352 Ijustatesigmund the Cleaver (level 8, -4/73 HPs)
             Began as a Hill Orc Fighter on Aug 14, 2018.
             Was a Follower of Okawaru.
             Slain by a two-headed ogre
             ... wielding a +0 giant club
              (12 damage)
             ... on level 7 of the Dungeon.
             The game lasted 00:11:10 (6127 turns).

Ijustatesigmund the Cleaver (Hill Orc Fighter)      Turns: 6127, Time: 00:11:11

Health: -4/73      AC:  9    Str: 26    XL:     8   Next: 63%
Magic:  12/12      EV:  6    Int:  8    God:    Okawaru [*.....]
Gold:   263        SH: 10    Dex: 12    Spells: 7/7 levels left

rFire    . . .     SeeInvis .   a - +1 war axe
rCold    . . .     Gourm    .   c - +0 shield
rNeg     . . .     Faith    .   b - +0 chain mail
rPois    .         Spirit   .   (helmet restricted)
rElec    .         Reflect  .   (no cloak)
rCorr    +         Harm     .   (no gloves)
MR       .....                  (no boots)
Stlth    ..........             (no amulet)
HPRegen  0.22/turn              j - ring of resist corrosion
MPRegen  0.13/turn              (no ring)

@: mighty
A: beak, blurry vision 1, strong 1, MP-powered wands
a: Heroism, Renounce Religion


You were on level 7 of the Dungeon.
You worshipped Okawaru.
Okawaru was aware of your devotion.
You were not hungry.

You visited 2 branches of the dungeon, and saw 8 of its levels.

You collected 315 gold pieces.
You spent 52 gold pieces at shops.

Inventory:

Hand Weapons
 a - a +1 war axe (weapon)
 i - a +2 flail of draining
 s - the +8 demon blade "Leech" {vamp, rN+ AC-3 EV-3}
   (You found it on level 7 of the Dungeon)

   It inflicts no extra harm, but heals its wielder when it wounds a living foe.
   It affects your AC (-3).
   It affects your evasion (-3).
   It protects you from negative energy.
Armour
 b - a +0 chain mail (worn)
 c - a +0 shield (worn)
 r - a +0 helmet
Jewellery
 j - a ring of resist corrosion (left hand)
 q - a cursed ring of teleportation {unknown}
Scrolls
 e - 2 scrolls of remove curse
 h - a scroll of amnesia
 l - 2 scrolls of fog
 m - a scroll of blinking {unknown}
 t - a scroll of magic mapping {unknown}
Potions
 d - a potion of might
 g - 3 potions of brilliance
 k - a potion of degeneration {unknown}
 n - a potion of resistance
 o - 2 potions of haste {unknown}
Comestibles
 f - 9 rations


   Skills:
 + Level 7.4 Fighting
 + Level 9.4 Axes
 - Level 4.5 Armour
 - Level 3.2 Shields
 + Level 5.7 Invocations


You had 7 spell levels left.
You didn't know any spells.
Your spell library contained the following spells:

 Spells                   Type           Power        Failure   Level  Hunger
 Confuse                  Hex            #.......     100%        3    ####...
 Tukima's Dance           Hex            #.......     100%        3    ####...
 Spider Form              Tmut/Pois      #.........   100%        3    ####...
 Blade Hands              Tmut           #.........   100%        5    ######.
 Ice Form                 Ice/Tmut       #.......     100%        4    #####..
 Sticks to Snakes         Tmut           #.......     100%        2    ###....
 Ensorcelled Hibernation  Hex/Ice        #.....       100%        2    ###....
 Corona                   Hex            #......      100%        1    ##.....
 Beastly Appendage        Tmut           #.....       100%        1    ##.....
 Dazzling Spray           Conj/Hex       #.....       100%        3    ####...


Dungeon Overview and Level Annotations

Branches:
Dungeon (7/15)             Temple (1/1) D:5

Altars:
Ashenzari
Cheibriados
Dithmenos
Elyvilon
Fedhas
Gozag
Hepliaklqana
Makhleb
Nemelex Xobeh
Okawaru
Qazlal
Ru
Sif Muna
Trog
Uskayaw
Vehumet
Wu Jian
Xom
Yredelemnul
Zin
The Shining One

Shops:
D:4 !*?[


Innate Abilities, Weirdness & Mutations

You have a beak for a mouth.
Scrolls take you a little longer to read.
Your muscles are strong. (Str +2)
You expend magic power (3 MP) to strengthen your wands.


Message History

A two-headed ogre comes into view. It is wielding two giant clubs.
The two-headed ogre shouts in stereo!
You aren't carrying any items that you can evoke.
Unknown command.
You feel very mighty all of a sudden.
Your shield and chain mail prevent you from hitting the two-headed ogre.
Your peck misses the two-headed ogre.
The two-headed ogre hits you with a giant club!!
You block the two-headed ogre's attack.
You closely miss the two-headed ogre.
The two-headed ogre hits you with a giant club.
The two-headed ogre barely misses you.
You closely miss the two-headed ogre. Your peck misses the two-headed ogre.
The two-headed ogre hits you with a giant club!
You block the two-headed ogre's attack.
You barely miss the two-headed ogre.
The two-headed ogre hits you with a giant club!!
* * * LOW HITPOINT WARNING * * *
The two-headed ogre hits you with a giant club!
You die...

#...............###
..................#
.............##.###
###..........##.#
####...########(#
).#..#.# #.#
..#.#..# ###.#
....#+## ####...##
#..## #......@#
....# #...###.O.#
#...# #.## ###..#
....######..## #.#
.............# ...
.............####
..#
....[........_...
.# .............#
.# .##........#.#


You could see a two-headed ogre.

Vanquished Creatures
  Edmund (D:6)
  A phantom (D:7)
  3 centaurs
  An ogre (D:4)
  2 bullfrogs
  2 killer bees (D:7)
  2 crimson imps
  2 jellies
  3 orc wizards
  An orc priest (D:4)
  2 hounds
  A bullfrog skeleton (D:4)
  A centaur skeleton (D:7)
  2 worker ants (D:4)
  A hound skeleton (D:6)
  10 adders
  A shadow imp (D:6)
  4 adder skeletons
  An adder zombie (D:5)
  3 worms
  2 dart slugs (D:1)
  3 leopard geckos
  10 orcs
  5 bats
  6 giant cockroaches
  4 goblins
  8 hobgoblins
  5 jackals
  4 quokkas
  A ball python (D:2)
  A ball python zombie (D:2)
  5 frilled lizards
  A giant cockroach zombie (D:2)
  4 kobolds
  A leopard gecko skeleton (D:7)
  A leopard gecko zombie (D:2)
  A quokka skeleton (D:7)
  5 rats
  A withered plant (D:2)
112 creatures vanquished.

Vanquished Creatures (others)
  An orc (D:5)
1 creature vanquished.

Grand Total: 113 creatures vanquished

Notes
Turn   | Place    | Note
-------+----------+-------------------------------------------
     0 | D:1      | Ijustatesigmund the Hill Orc Fighter began the quest for the Orb.
     0 | D:1      | Reached XP level 1. HP: 19/19 MP: 1/1
   104 | D:1      | Reached skill level 3 in Axes
   110 | D:1      | Reached XP level 2. HP: 24/26 MP: 2/2
   269 | D:1      | Reached skill level 4 in Axes
   778 | D:2      | Reached XP level 3. HP: 31/31 MP: 3/3
   911 | D:2      | Reached skill level 5 in Axes
  1281 | D:2      | Reached XP level 4. HP: 39/39 MP: 4/4
  1552 | D:2      | Reached skill level 6 in Axes
  1885 | D:3      | Reached XP level 5. HP: 39/46 MP: 5/5
  2403 | D:3      | Found a snail-covered altar of Cheibriados.
  2403 | D:3      | Found a bloodstained altar of Trog.
  2597 | D:4      | Found Zomm's Magic Scroll Shop.
  2601 | D:4      | Bought a scroll of identify for 26 gold pieces
  2601 | D:4      | Bought a scroll of identify for 26 gold pieces
  2664 | D:4      | Noticed an ogre
  2668 | D:4      | Killed an ogre
  2676 | D:4      | Reached XP level 6. HP: 35/53 MP: 6/6
  2791 | D:4      | Reached skill level 7 in Axes
  2937 | D:4      | Found Ula Iri's Distillery.
  2985 | D:4      | Found Curphok's Armour Emporium.
  3040 | D:4      | Found Toyczigyxyu's General Store.
  3125 | D:4      | Reached skill level 5 in Fighting
  3311 | D:4      | Found a glowing golden altar of the Shining One.
  3431 | D:5      | Entered Level 5 of the Dungeon
  3530 | D:5      | Found a staircase to the Ecumenical Temple.
  3538 | Temple   | Entered the Ecumenical Temple
  3752 | Temple   | Became a worshipper of Warmaster Okawaru
  3868 | D:5      | Reached skill level 1 in Invocations
  3874 | D:5      | Reached XP level 7. HP: 58/61 MP: 6/8
  3925 | D:5      | Gained mutation: You have a beak for a mouth. [potion of mutation]
  3925 | D:5      | Gained mutation: You expend magic power (3 MP) to strengthen your wands. [potion of mutation]
  3925 | D:5      | Gained mutation: Scrolls take you a little longer to read. [potion of mutation]
  3925 | D:5      | Gained mutation: Your muscles are strong. (Str +2) [potion of mutation]
  4932 | D:6      | Noticed Edmund
  4938 | D:6      | Killed Edmund
  4938 | D:6      | Reached skill level 8 in Axes
  5078 | D:6      | Reached XP level 8. HP: 69/71 MP: 9/11
  5200 | D:6      | Found a sparkling altar of Nemelex Xobeh.
  5527 | D:7      | Found the +8 demon blade "Leech" {vamp, rN+ AC-3 EV-3}
  5626 | D:7      | Reached * piety under Okawaru
  5626 | D:7      | Reached skill level 9 in Axes
  5626 | D:7      | Reached skill level 5 in Invocations
  5633 | D:7      | Found an ornate altar of the Wu Jian Council.
  5693 | D:7      | Found a faded altar of an unknown god.
  5693 | D:7      | Found a burning altar of Makhleb.
  5698 | D:7      | Found a deep blue altar of Sif Muna.
  5700 | D:7      | Found an opulent altar of Gozag.
  5701 | D:7      | Found a radiant altar of Vehumet.
  6120 | D:7      | Noticed a two-headed ogre
  6127 | D:7      | Slain by a two-headed ogre

Skill      XL: |  1  2  3  4  5  6  7  8 |
---------------+-------------------------+-----
Axes           | 3 4 5 6 7 8 9 |  9.4
Fighting       | 4 5 6 7 |  7.4
Armour         | 4 |  4.5
Invocations    | 1 4 5 |  5.7
Shields        | |  3.2

Action                   |  1- 3 |  4- 6 |  7- 9 || total
-------------------------+-------+-------+-------++-------
Melee: War axe           |   121 |   208 |    93 ||   422
       Peck              |       |       |    21 ||    21
  Use: Scroll            |       |     9 |     3 ||    12
       Potion            |       |     1 |     6 ||     7
  Eat: Chunk             |     1 |     3 |     1 ||     5
       Ration            |       |     2 |     2 ||     4
Armor: Scale mail        |    49 |    89 |    26 ||   164
       Chain mail        |       |       |    31 ||    31
Dodge: Dodged            |    38 |    67 |    29 ||   134
Block: Shield            |    59 |    89 |    51 ||   199
